 Dungeon Crawl Stone Soup version 0.29.0-15-g675c0067aa (webtiles) character file.

Game seed: 12375735326735993197

125 qw the Chopper (level 5, -2/32 HPs)
             Began as a Gargoyle Fighter on Sept 12, 2022.
             Slain by a gnoll
             ... wielding a +0 spear
              (5 damage)
             ... on level 3 of the Dungeon.
             The game lasted 00:00:52 (2097 turns).

qw the Chopper (Gargoyle Fighter)                   Turns: 2097, Time: 00:00:53

Health: -2/32      AC: 13    Str: 22    XL:     5   Next: 9%
Magic:  5/5        EV:  7    Int:  8    God:
Gold:   84         SH:  4    Dex:  9    Spells: 4/4 levels left

rFire   . . .      SeeInvis .   Y - +0 war axe
rCold   . . .      Faith    .   c - +0 buckler
rNeg    + . .      Spirit   .   k - +0 chain mail
rPois   inf        Reflect  .   (no helmet)
rElec   +          Harm     .   (no cloak)
rCorr   .          Rampage  .   (no gloves)
Will    .....                   (no boots)
Stlth   ..........              (no amulet)
HPRegen 0.10/turn               (no ring)
MPRegen 0.09/turn               (no ring)

@: no status effects
A: sickness immunity, AC +4, negative energy resistance 1, electricity
resistance, torment resistance 1, petrification resistance
a: no special abilities


You were on level 3 of the Dungeon.
You visited 1 branch of the dungeon, and saw 3 of its levels.

You collected 184 gold pieces.
You spent 100 gold pieces at shops.


Innate Abilities, Weirdness & Mutations

You are immune to sickness and miasma.
Your stone body is resilient. (AC +4)
You are immune to poison.
You resist negative energy. (rN+)
You are resistant to electric shocks. (rElec)
You are resistant to unholy torment.
You are immune to petrification.


   Skills:
 - Level 3.2 Fighting
 + Level 4.6 Axes
 - Level 0.1 Throwing
 - Level 3.2 Armour
 - Level 3.2 Shields


You had 4 spell levels left.
You didn't know any spells.
Your spell library was empty.

Inventory:

Hand Weapons
 h - a +0 mace of protection
 Y - a +0 war axe (weapon)
Armour
 c - a +0 buckler (worn)
 k - a +0 chain mail (worn)
Scrolls
 f - a scroll of identify
Potions
 a - a potion of heal wounds {unknown}
 d - a potion of might
 e - a potion of berserk rage {unknown}
 g - a potion of curing
 i - a potion of magic {unknown}

Dungeon Overview and Level Annotations

Branches:
Dungeon (3/15)

Altars:

Shops:
D:1 (=   D:2 [

Annotations:
D:3 2 transporters


Message History

The gnoll completely misses you.
You hit the gnoll but do no damage. You block the gnoll's attack.
The gnoll hits you with a +0 flail.
You slash the gnoll!
The gnoll is heavily wounded.
The gnoll hits you with a +0 flail!
You slash the gnoll!
You kill the gnoll!
The gnoll throws a throwing net.
The throwing net hits you.
You become entangled in the net!
You tear a large gash into the net.
The endoplasm hits you but does no damage.
You struggle against the net.
The endoplasm freezes you.
You are frozen.
The gnoll hits you but does no damage.
You struggle against the net.
The gnoll hits you but does no damage. The endoplasm barely misses you.
You struggle against the net.
The endoplasm hits you but does no damage.
The gnoll barely misses you.
You rip the net and break free!
The gnoll hits you from afar with a +0 spear.
The endoplasm barely misses you.
You slash the endoplasm!
You kill the endoplasm!
The gnoll hits you from afar with a +0 spear.
The gnoll closely misses you. The gnoll barely misses you.
You have reached level 5!
You closely miss the gnoll. The gnoll hits you but does no damage.
The gnoll hits you with a +0 club.
You closely miss the gnoll. The gnoll closely misses you.
You block the gnoll's attack.
You barely miss the gnoll.
The gnoll hits you from afar with a +0 spear.
You block the gnoll's attack. x2; The gnoll hits you but does no damage.
You slash the gnoll!
You kill the gnoll!
You block the gnoll's attack. The gnoll hits you with a +0 spear.
You die...

#.............#
#.####..#####.#
#..# #.####
#..#####....#####.
#.........#.......
##.####.....####
#....<..#.##
#######.#.# #.#@#
#....?.g....#
#>##.#.####...
#.#.# . #.# ## #.#
#.# #.#


You could see a gnoll.

Vanquished Creatures
  2 gnolls (D:3)
  5 adders
  2 worms (D:2)
  A dart slug (D:1)
  5 endoplasms
  4 giant cockroaches
  4 hobgoblins
  4 jackals (D:2)
  6 kobolds
  2 quokkas
  4 ball pythons
  8 bats
  A frilled lizard (D:1)
  2 goblins
  6 rats
56 creatures vanquished.

Notes
Turn   | Place    | Note
-------+----------+-------------------------------------------
     0 | D:1      | qw the Gargoyle Fighter began the quest for the Orb.
     0 | D:1      | Reached XP level 1. HP: 14/14 MP: 1/1
     0 | D:1      | 0 ||| qw: Version: 0.1-a-119-g272c26d
     0 | D:1      | 0 ||| qw: Game counter: 10810
     0 | D:1      | 0 ||| qw: Always use a shield: true
     0 | D:1      | 0 ||| qw: God list: Okawaru
     0 | D:1      | 0 ||| qw: Allow faded altars: false
     0 | D:1      | 0 ||| qw: Do Orc after D:15 true
     0 | D:1      | 0 ||| qw: Do second Lair branch before Depths: true
     0 | D:1      | 0 ||| qw: Lair rune preference: random
     0 | D:1      | 0 ||| qw: Plans: Normal, Zot, God:TSO, Crypt, Tomb, Pan,
                  | Slime, Hells, Zig, Abyss, Orb
     0 | D:1      | 0 ||| PLANNING D:1-11
    21 | D:1      | 21 ||| Stepping ~*~*~tactically~*~*~ (stealth).
    34 | D:1      | Reached skill level 2 in Axes
   304 | D:1      | Found Yness's Jewellery Shoppe.
   312 | D:1      | Reached XP level 2. HP: 19/19 MP: 2/2
   350 | D:1      | 350 ||| Stepping ~*~*~tactically~*~*~ (hiding).
   391 | D:1      | Found Poany's Weapon Boutique.
   392 | D:1      | 392 ||| SHOPLISTING +6 ring of strength (468 gold, have
                  | 43).
   392 | D:1      | 392 ||| SHOPLISTING amulet of reflection (390 gold, have
                  | 43).
   392 | D:1      | 392 ||| SHOPLISTING ring of protection from cold (325 gold,
                  | have 43).
   392 | D:1      | 392 ||| SHOPLISTING ring of resist corrosion (260 gold,
                  | have 43).
   392 | D:1      | 392 ||| SHOPLISTING ring of the Garden {rN+ Dex+6 Stlth+}
                  | (650 gold, have 43).
   404 | D:1      | 404 ||| BUYING +0 mace (42 gold).
   404 | D:1      | Bought a +0 mace for 42 gold pieces
   404 | D:1      | 404 ||| DROPPING +0 club.
   413 | D:1      | 413 ||| Stepping ~*~*~tactically~*~*~ (stealth).
   538 | D:1      | 538 ||| DROPPING +0 mace.
   685 | D:1      | 685 ||| Stepping ~*~*~tactically~*~*~ (stealth).
   701 | D:1      | Reached skill level 3 in Axes
   733 | D:1      | Reached XP level 3. HP: 18/23 MP: 3/3
   796 | D:1      | Found a faded altar of an unknown god.
  1021 | D:1      | 1021 ||| DROPPING amulet of magic regeneration.
  1022 | D:1      | 1022 ||| READING scroll labelled CUATIE SUJUMM.
  1040 | D:2      | 1040 ||| STAIRDANCE
  1095 | D:2      | 1095 ||| Stepping ~*~*~tactically~*~*~ (stealth).
  1096 | D:2      | 1096 ||| Stepping ~*~*~tactically~*~*~ (stealth).
  1373 | D:2      | Reached XP level 4. HP: 22/28 MP: 4/4
  1574 | D:2      | 1574 ||| Stepping ~*~*~tactically~*~*~ (stealth).
  1651 | D:2      | Found Fis Unee's Armour Emporium.
  1657 | D:2      | 1657 ||| BUYING +0 chain mail (58 gold).
  1657 | D:2      | Bought a +0 chain mail for 58 gold pieces
  1657 | D:2      | 1657 ||| SHOPLISTING +0 pair of gloves of dexterity (149
                  | gold, have 36).
  1657 | D:2      | 1657 ||| SHOPLISTING +1 plate armour of Thoughtfulness
                  | {Dex+2} (509 gold, have 36).
  1657 | D:2      | 1657 ||| SHOPLISTING +10 tower shield of Ignorance {rN+
                  | Int-4} (744 gold, have 36).
  1657 | D:2      | 1657 ||| SHOPLISTING +5 scale mail of Rubb {rPois} (522
                  | gold, have 36).
  1853 | D:2      | 1853 ||| UPGRADING to +0 chain mail.
  1863 | D:2      | 1863 ||| DROPPING +0 scale mail.
  1864 | D:2      | 1864 ||| READING scroll labelled ZECIUC GOPS.
  1865 | D:2      | 1865 ||| DRINKING 2 sedimented puce potions.
  1887 | D:3      | Found a transporter.
  1890 | D:3      | Found a transporter.
  1923 | D:3      | Reached skill level 4 in Axes
  2072 | D:3      | 2072 ||| Stepping ~*~*~tactically~*~*~ (hiding).
  2092 | D:3      | HP: 5/28 [gnoll/+0 spear (5)]
  2093 | D:3      | Reached XP level 5. HP: 6/32 MP: 5/5
  2095 | D:3      | HP: 2/32 [gnoll/+0 spear (2)]
  2097 | D:3      | Slain by a gnoll

Levels and vault maps discovered:
D:1:      saegor_arrival_simple_d, layout_rooms, serial_shops,
          nicolae_shop_waterfront, nicolae_shop_bloodbath_and_beyond,
          shapermc_ecumenical_altar_starsandcircs
D:2:      layout_basic, serial_shops, shop_fountains
D:3:      gammafunk_steamed_eel, layout_loops_ring

Skill      XL: |  1  2  3  4 |
---------------+-------------+-----
Axes           | 2 3 4 |  4.6
Fighting       | |  3.2
Throwing       | |  0.1
Armour         | |  3.2
Shields        | |  3.2

Action                   |  1- 3 |  4- 6 || total
-------------------------+-------+-------++-------
Melee: War axe           |   120 |    84 ||   204
Throw: Javelin           |     5 |       ||     5
  Use: Scroll            |     1 |     1 ||     2
       Potion            |       |     1 ||     1
Armor: Scale mail        |    68 |    16 ||    84
       Chain mail        |       |    56 ||    56
Dodge: Dodged            |    85 |    36 ||   121
Block: Buckler           |    22 |    18 ||    40

Table legend:
 A = Non-vault XP
 B = Vault XP
 C = Vault XP percentage of total XP
 D = Non-vault monster count
 E = Vault monster count
 F = Vault count percentage of total count
                 A         B        C        D         E       F
            +---------+---------+-------+---------+---------+-------
      Total |     179 |       0 |   0.0 |      56 |       0 |   0.0
            +---------+---------+-------+---------+---------+-------
        D:1 |      40 |       0 |   0.0 |      26 |       0 |   0.0
        D:2 |      62 |       0 |   0.0 |      19 |       0 |   0.0
        D:3 |      77 |       0 |   0.0 |      11 |       0 |   0.0
            +---------+---------+-------+---------+---------+-------
